 Dungeon Crawl Stone Soup version 0.28-a0-730-g892d06dc2c (console) character file.

Game seed: 3930152033511822596

46 petzl the Vexing (level 3, -2/23 HPs)
             Began as an Octopode Arcane Marksman on Oct 28, 2021.
             Killed by nerve-wracking pain
             ... invoked by an orc priest
              (14 damage)
             ... on level 3 of the Dungeon.
             The game lasted 00:04:49 (1611 turns).

petzl the Vexing (Octopode Arcane Marksman)         Turns: 1611, Time: 00:04:49

Health: -2/23      AC:  1    Str:  9    XL:     3   Next: 66%
Magic:  5/5        EV: 13    Int: 16    God:
Gold:   46         SH:  0    Dex: 12    Spells: 2/4 levels left

rFire   . . .      SeeInvis .   b - +0 short sword
rCold   . . .      Faith    .   (no shield)
rNeg    . . .      Spirit   .   (helmet restricted)
rPois   .          Reflect  .   (no amulet)
rElec   .          Harm     .   (no ring)
rCorr   .          Rampage  .   (no ring)
Will    .....                   (no ring)
Stlth   +++.......              (no ring)
HPRegen 0.07/turn               (no ring)
MPRegen 0.09/turn               (no ring)
                                (no ring)
                                (no ring)

@: no status effects
A: almost no armour, amphibious, 8 rings, camouflage 1, gelatinous body 1,
(nimble swimmer 1), tentacles
a: no special abilities


You were on level 3 of the Dungeon.
You visited 1 branch of the dungeon, and saw 3 of its levels.

You collected 46 gold pieces.

Inventory:

Hand Weapons
 a - a +0 hand crossbow
 b - a +0 short sword (weapon)
 e - a +0 spear {!f =f}
Missiles
 c - 16 bolts
 i - 55 stones (quivered)
Magical Staves
 h - a staff of conjuration
Jewellery
 k - a ring of ice
Scrolls
 d - a scroll of identify {unknown}
 f - a scroll of magic mapping {unknown}
 g - a scroll of teleportation {unknown}
 j - a scroll of enchant weapon {unknown}


   Skills:
 + Level 1.6 Fighting
 + Level 2.3 Crossbows
 + Level 2.3 Dodging
 + Level 1.9 Stealth
 + Level 1.4 Spellcasting
 * Level 3.2 Hexes


You had 2 spell levels left.
You knew the following spells:

 Your Spells              Type           Power      Damage    Failure   Level
a - Slow                  Hex            11%        N/A       9%          2

Your spell library contained the following spells:

 Spells                   Type           Power      Damage    Failure   Level
 Inner Flame              Hex/Fire       6%         N/A       34%         3
 Portal Projectile        Hex/Tloc       12%        N/A       34%         3
 Cause Fear               Hex            5%         N/A       50%         4
 Gell's Gravitas          Tloc           0%         N/A       54%         3
 Lesser Beckoning         Tloc           1%         N/A       54%         3
 Teleport Other           Tloc           1%         N/A       54%         3


Dungeon Overview and Level Annotations

Branches:
Dungeon (3/15)

Altars:


Innate Abilities, Weirdness & Mutations

You cannot wear most types of armour.
You are amphibious.
You can wear up to eight rings at the same time.
Your skin changes colour to match your surroundings (Stealth+).
Your rubbery body absorbs attacks. (AC +1, EV +1)
((You are camouflaged near water. (Stealth+)))
You have tentacles for arms and can constrict up to eight enemies at once.


Message History

The endoplasm moves out of view.
b - a +0 short sword (weapon)
The endoplasm closely misses you.
You hit the endoplasm but do no damage. You squeeze the endoplasm.
You kill the endoplasm!
An orc comes into view. It is wielding a +0 dagger.
An orc and an orc wizard come into view.
Found 9 gold pieces.
An orc, an orc priest and a dart slug come into view.
The orc shouts! x3; The orc priest shouts!
You hear a shout!
An endoplasm comes into view.
You hit the orc priest but do no damage.
Your grab misses the orc priest.
A goblin comes into view. It is wielding a +0 club.
The orc priest calls down the wrath of Beogh upon you.
Pain shoots through your body!
The goblin shouts!
You hit the orc priest but do no damage.
You grab the orc priest.
You constrict the orc priest, but do no damage.
The orc priest begins to cast a cantrip, but forgets the words!
You hit the orc priest but do no damage.
You squeeze the orc priest.
The orc priest is heavily wounded.
You constrict the orc priest.
The orc priest hits you but does no damage.
The orc hits you with a +0 club.
You hit the orc priest but do no damage.
The orc priest is heavily wounded.
You constrict the orc priest. The orc barely misses you.
You barely miss the orc priest.
The orc priest is severely wounded.
You constrict the orc priest.
The orc wizard mumbles some strange words.
The orc wizard flickers and vanishes!
Deactivating autopickup; reactivate with Ctrl-A.
The orc priest mumbles some strange prayers to Beogh against you.
Pain shoots through your body!
Ouch! That really hurt!
You die...

#.........
##......w..
##########
#...≈≈≈o...
#........#
#..⌠≈≈≈≈...
####........#
...≈≈≈≈...
##...........#
...o.....
###..#####.######
#J..o.... ###.>.##
#........# #.# {.
#...### #........#
#o###.... .....##
#........####o..g....
.##...#
#...........@oo..#...
....#.#
#....###########.....
.####.........# .##..
## #......... # . #
.##.#.##. # .##.#. .
# . #. # #


You could see an orc priest, 3 orcs, an endoplasm and a goblin.

Vanquished Creatures
  2 adders (D:2)
  A worm (D:2)
  2 dart slugs (D:1)
  3 endoplasms
  3 giant cockroaches
  3 goblins
  2 hobgoblins (D:1)
  A quokka (D:1)
  A ball python (D:1)
  A bat (D:2)
  A frilled lizard (D:1)
  A kobold (D:1)
21 creatures vanquished.

Notes
Turn   | Place    | Note
-------+----------+-------------------------------------------
     0 | D:1      | petzl the Octopode Arcane Marksman began the quest for the
                  | Orb.
     0 | D:1      | Reached XP level 1. HP: 13/13 MP: 2/2
    88 | D:1      | Reached skill level 1 in Stealth
    88 | D:1      | Reached XP level 2. HP: 11/18 MP: 3/3
  1033 | D:2      | Reached XP level 3. HP: 23/23 MP: 3/5
  1037 | D:2      | Learned a level 2 spell: Slow
  1611 | D:3      | Killed from afar by an orc priest

Illustrated notes

Levels and vault maps discovered:
D:1:      heliophobic_arrival_enchanted_forest, layout_loops_ring
D:2:      layout_basic, ebering_ecumenical_altar_hall, uniq_terence
D:3:      layout_rooms, gup_sewer_entry_spiral, serial_park_tiny_pond

Skill      XL: |  1 |
---------------+----+-----
Stealth        | 1 |  1.9
Fighting       | |  1.6
Crossbows      | |  2.3
Dodging        | |  2.3
Spellcasting   | |  1.4
Hexes          | |  3.2

Action                   || total
-------------------------++-------
Melee: Short sword       ||    30
       Constrict         ||     7
       Tentacles         ||     6
 Fire: Hand crossbow     ||    32
Throw: Stone             ||     1
 Stab: Sleeping          ||     4
Armor: Skin              ||     3
Dodge: Dodged            ||    21

Table legend: (Time is in decaauts)
 A = Elapsed time spent in this place.
 B = Non-inter-level travel time spent in this place.
 C = Inter-level travel time spent in this place.
 D = Time resting spent in this place.
 E = Time spent auto-exploring this place.
 F = Levels seen in this place.
 G = Mean time per level.
                   A        B        C        D        E       F      G
               +--------+--------+--------+--------+--------+-----+--------+
         Total |   1625 |   1594 |     31 |    311 |    944 |   3 |  541.7 |
       Dungeon |   1625 |   1594 |     31 |    311 |    944 |   3 |  541.7 |
               +--------+--------+--------+--------+--------+-----+--------+

Top non-repeatable levels by time:
     D:1: 983 daAuts
     D:2: 588 daAuts
     D:3: 53 daAuts
